AoeStats
← LostBard

Arabia

504112730Analyzed
1v1 RM · 29d ago on Sep 4, 2026· 51m 34s· 2 players
Game mode
Random Map
Map size
Tiny (2 player)
Population
200
Speed
Normal
Resources
Standard
Victory
Conquest
Starting age
Dark Age
Ending age
Imperial Age
RankedLock teamsTeams togetherTeam positionsShared explorationLock speedFull tech treeHidden civsTurbo modeCheats
Victory
Defeat
🇺🇸 Ethiopians · United States
852
+16
🇲🇽 Lithuanians · Mexico
856
-16
LostBard
6:03 Loom
10:58 Feudal Age
13:08 Wheelbarrow
16:49 Fletching
20:19 Padded Archer Armor
20:52 Town Watch
21:35 Gold Mining
21:32 Double-Bit Axe
23:30 Forging
23:22 Scale Mail Armor
27:25 Castle Age
28:25 Hand Cart
28:21 Bow Saw
27:55 Horse Collar
27:39 Crossbowman
28:24 Thumb Ring
29:02 Bodkin Arrow
31:35 Leather Archer Armor
34:59 Squires
38:16 Gold Shaft Mining
37:32 Stone Mining
38:00 Royal Heirs
38:47 Town Patrol
39:26 Scale Mail Armor
39:37 Forging
43:44 Imperial Age
43:50 Imperial Age
43:54 Chain Mail Armor
44:15 Iron Casting
45:34 Chemistry
45:09 Bracer
48:34 Conscription
48:15 Onager
48:21 Onager
49:30 Ballistics
49:07 Murder Holes
49:23 Masonry
49:24 Fortified Wall
50:09 Halberdier
JoseTezcaltlipoca
0:27 Loom
10:22 Feudal Age
17:24 Castle Age
27:50 Town Watch
29:34 Scale Barding Armor
31:38 Bloodlines
33:54 Gold Mining
35:18 Double-Bit Axe
37:14 Chain Barding Armor
37:05 Forging
37:47 Fletching
38:39 Treadmill Crane
38:55 Murder Holes
39:21 Ballistics
44:30 Imperial Age
43:34 Iron Casting
43:01 Horse Collar
43:34 Bow Saw
43:59 Stone Mining
44:29 Padded Archer Armor
44:25 Bodkin Arrow
45:43 Conscription
45:00 Elite Skirmisher
49:03 Chemistry
50:35 Wheelbarrow
Connection lost

Rejoining the realm…

Still unreachable

The connection could not be restored.

Session expired

The server has moved on; the page needs a fresh start.